 Dungeon Crawl Stone Soup version 0.29.1-14-g9c671dbff4 (webtiles) character file.

Game seed: 4711836205780372500

54658 crispyCORNDOG the Impaler (level 14, -16/132 HPs)
             Began as a Minotaur Berserker on Feb 17, 2023.
             Was a High Priest of Trog.
             Killed from afar by an ogre mage (30 damage)
             ... with a bolt of magma
             ... while paralysed by an ogre mage
             ... on level 2 of the Orcish Mines on Feb 18, 2023.
             The game lasted 02:01:43 (22036 turns).

crispyCORNDOG the Impaler (Minotaur Berserker)     Turns: 22036, Time: 02:01:43

Health: -16/132    AC: 29    Str: 28    XL:     14   Next: 35%
Magic:  13/13      EV:  2    Int:  4    God:    Trog [*****.]
Gold:   1817       SH:  0    Dex: 11    Spells: 13/13 levels left

rFire   . . .      SeeInvis .   Y - +5 spear (vorpal)
rCold   . . .      Faith    .   E - +0 kite shield
rNeg    . . .      Spirit   .   F - +1 plate armour
rPois   +          Reflect  .   e - +2 hat
rElec   .          Harm     .   z - +0 cloak
rCorr   .          Rampage  .   I - +1 pair of gloves
Will    +....      Rnd*Tele +   (no boots)
Stlth   ..........              Q - amulet of regeneration
HPRegen 1.12/turn               V - ring "Jonataz" {rPois AC+4}
MPRegen 0.13/turn               b - +4 ring of slaying

@: paralysed, studying Unarmed Combat
A: horns 2, retaliatory headbutt, iridescent scales 1, thin skeletal structure
1, teleportitis 1
a: Renounce Religion, Berserk, Trog's Hand, Brothers in Arms


You were on level 2 of the Orcish Mines.
You worshipped Trog.
Trog was extremely pleased with you.
You visited 3 branches of the dungeon, and saw 17 of its levels.
You also visited: Sewer, Ossuary, Bailey and Ice Cave.

You collected 1969 gold pieces.
You spent 152 gold pieces at shops.

Inventory:

Hand Weapons
 m - a +1 vampiric trident
 u - a +4 spear of venom
 G - a +1 spear of flaming
 J - a +4 halberd of freezing
 Y - a +5 vorpal spear (weapon)
 Z - a +4 glaive of electrocution
Missiles
 a - a throwing net
 f - 75 poisoned darts (quivered)
 U - 4 atropa-tipped darts
 W - 6 curare-tipped darts
Armour
 e - a +2 hat (worn)
 z - a +0 cloak (worn)
 E - a +0 kite shield (worn)
 F - a +1 plate armour (worn)
 I - a +1 pair of gloves (worn)
Jewellery
 b - a +4 ring of slaying (right hand)
 i - a +4 ring of protection
 l - a ring of see invisible
 n - a ring of willpower
 Q - an amulet of regeneration (around neck)
 T - a +6 ring of dexterity
 V - the ring "Jonataz" (left hand) {rPois AC+4}
   (You found it in a bailey)

   [ring of protection]

   AC:        It affects your AC (+4).
   rPois:     It protects you from poison.
Wands
 o - a wand of flame (10)
 q - a wand of charming (12)
 K - a wand of roots (7)
 N - a wand of digging (7)
 P - a wand of polymorph (12)
Scrolls
 c - 2 scrolls of magic mapping
 d - 3 scrolls of torment
 g - 7 scrolls of teleportation
 j - a scroll of fear
 t - a scroll of vulnerability
 v - 7 scrolls of blinking
 w - 3 scrolls of amnesia
 y - 4 scrolls of poison
 D - 2 scrolls of summoning
 H - a scroll of butterflies
 M - 4 scrolls of noise
 R - a scroll of immolation
 X - 5 scrolls of identify
Potions
 h - a potion of might
 r - 2 potions of lignification
 x - 3 potions of flight
 A - 4 potions of cancellation
 B - 7 potions of curing
 C - 2 potions of magic
 L - a potion of berserk rage
 O - a potion of heal wounds
 S - 2 potions of invisibility
Miscellaneous
 k - a tin of tremorstones (2/2)
 p - a box of beasts


   Skills:
 + Level 14.0 Fighting
 + Level 19.6 Polearms
 + Level 13.9 Armour
 + Level 12.8 Dodging


You had 13 spell levels left.
You didn't know any spells.
Your spell library was empty.

Dungeon Overview and Level Annotations

Branches:
Dungeon (12/15)            Temple (0/1) D:4            Lair (3/5) D:9
  Swamp (0/4) Lair:2        Snake (0/4) Lair:2          Orc (2/2) D:10
    Elf (0/3) Orc:2         Sewer (visited)         Ossuary (visited)
 Bailey (visited)           IceCv (visited)

Altars:
Cheibriados
Elyvilon
Fedhas
Gozag
Hepliaklqana
Makhleb
Nemelex Xobeh
Okawaru
Ru
Sif Muna
Trog
Uskayaw
Vehumet
Wu Jian
Xom
Zin
The Shining One

Shops:
D:4 *   D:10 *   Orc:1 ?!   Orc:2 *

Annotations:
D:8 2 transporters, hbarley's ghost, novice HOFi
D:12 2 runed translucent doors, sigtrap's ghost, journeyman SpHu
Lair:3 1 runed translucent door


Innate Abilities, Weirdness & Mutations

You have a pair of horns on your head.
You reflexively headbutt those who attack you in melee.
You are partially covered in iridescent scales. (AC +2)
You have a somewhat thin skeletal structure. (Dex +2, Stealth+)
You are occasionally teleported next to monsters.


Message History

Press: ? - help, Dir - move target, f - two-headed ogre
Aim: a two-headed ogre, wielding two +0 giant clubs (about 15% to evade your +5 vorpal spear)
You puncture the two-headed ogre! You headbutt the two-headed ogre!
The two-headed ogre is heavily wounded.
Something hits you. The ogre barely misses you.
Reach: Y) +5 spear (vorpal)
Press: ? - help, Dir - move target, f/p - two-headed ogre
Aim: a two-headed ogre, wielding two +0 giant clubs (heavily wounded, about 15% to evade your +5 vorpal spear)
You puncture the two-headed ogre! You headbutt the two-headed ogre!
The two-headed ogre is almost dead.
The ogre mage hits you but does no damage.
Reach: Y) +5 spear (vorpal)
Press: ? - help, Dir - move target, f/p - two-headed ogre
Aim: a two-headed ogre, wielding two +0 giant clubs (almost dead, about 15% to evade your +5 vorpal spear)
You impale the two-headed ogre!!
You kill the two-headed ogre!
Trog accepts your kill.
The ogre hits you with a +0 giant club!!
You block the ogre's attack.
An ogre comes into view. It is wielding a +0 giant spiked club.
You hear some strange, mumbled words.
You suddenly lose the ability to move!
The ogre mage gestures at the two-headed ogre while chanting.
The two-headed ogre seems to speed up.
A two-headed ogre comes into view.
It is wielding two +0 giant spiked clubs.
The ogre hits you but does no damage.
You hear some strange, mumbled words.
The ogre seems to speed up.
The ogre hits you but does no damage. The ogre hits you but does no damage.
The ogre mage hits you from afar with a +0 halberd!
* * * LOW HITPOINT WARNING * * *
An ogre mage comes into view. It is wielding a +0 flail.
Something hits you!
* * * LOW HITPOINT WARNING * * *
The ogre hits you but does no damage. The ogre hits you with a +0 giant club!
* * * LOW HITPOINT WARNING * * *
The ogre mage casts a spell at you. The bolt of magma hits you!!
You die...

.............###...##
..............#∩...∩#
....#.........#.....#
............#.#∩.⌠.∩#
........#....##.....#
..#..#.##.#.###∩...∩# .
...........#####...##..#
.......#..###..O........
##..#.....##...O@.......
#............O){O.#..#.#
###..........OO.......#
#
##.......###OO###.......
.##.....###..( ##......
..##....##.O.. ......
..#.#...##... ......
........#... ......
#.......#


You could see 2 two-headed ogres, 2 ogre magi and 5 ogres.

Vanquished Creatures
  Erolcha (D:10)
  An ice dragon (IceCv)
  6 hydras
  2 boulder beetles (D:11)
  A catoblepas (Lair:1)
  A centaur warrior (D:12)
  8 two-headed ogres
  A tengu warrior (D:11)
  5 death yaks (Lair:2)
  A deep troll (D:11)
  2 deep elf pyromancers (D:12)
  2 orc knights
  A cyclops (D:12)
  2 manticores (D:11)
  4 ugly things
  An elephant (Lair:1)
  2 black mambas
  A gargoyle (D:11)
  7 cane toads
  3 rime drakes (IceCv)
  2 unseen horrors
  4 komodo dragons
  An efreet (D:11)
  A kobold demonologist (D:11)
  2 ice devils (Lair:1)
  A polar bear (Lair:2)
  7 trolls
  2 tyrant leeches (Lair:2)
  2 hornets
  6 slime creatures (D:12)
  Sigmund (D:5)
  54 yaks
  3 shadows
  4 wraiths
  3 vampires
  5 basilisks
  5 wyverns
  Menkaure (D:5)
  2 steam dragons
  A vampire mosquito (D:11)
  A warg (Orc:1)
  3 swamp worms (Lair:2)
  12 water moccasins
  5 acid dragons
  2 nagas (Lair:2)
  16 orc warriors
  A sky beast (D:7)
  An ice beast (D:7)
  Duvessa (D:5)
  4 black bears
  8 ogres
  8 wolves
  9 centaurs
  2 elf zombies (Ossuary)
  A phantom (D:5)
  12 kobold brigands
  9 bullfrogs
  A gnoll sergeant (D:11)
  2 necrophages
  4 scorpions
  13 wights
  A lindwurm simulacrum (IceCv)
  A killer bee (D:7)
  3 jellies
  6 howler monkeys
  A centaur zombie (Ossuary)
  6 komodo dragon simulacra (IceCv)
  6 hounds
  A human zombie (Ossuary)
  9 orc priests
  2 gnoll boudas
  An iron imp (D:4)
  5 iguanas
  18 orc wizards
  2 mummies (Ossuary)
  11 adders
  8 gnolls
  3 acid dragon simulacra (IceCv)
  A river rat (Sewer)
  A shadow imp (D:8)
  2 white imps
  A howler monkey simulacrum (D:11)
  An ufetubus (D:4)
  5 steam dragon simulacra (IceCv)
  An adder zombie (Ossuary)
  A worm (D:3)
  2 dart slugs
  50 orcs
  10 ball pythons
  6 bats
  7 endoplasms
  7 giant cockroaches
  12 hobgoblins
  3 jackals
  23 kobolds
  6 quokkas
  5 frilled lizards
  6 goblins
  2 goblin zombies (Ossuary)
  6 hobgoblin zombies (Ossuary)
  11 kobold zombies (Ossuary)
  10 orc zombies (Ossuary)
  13 rats
  3 rat zombies (Ossuary)
553 creatures vanquished.

Vanquished Creatures (collateral kills)
  A black mamba (Lair:3)
  An efreet (D:9)
  2 wyverns (D:9)
  4 yaks (D:9)
  3 orc warriors
  A phantom (D:6)
  A wolf (Lair:3)
  A gnoll sergeant (D:7)
  Dowan (D:5)
  An orc priest (Orc:1)
  3 orc wizards
  8 gnolls
  13 orcs
  A kobold (D:10)
41 creatures vanquished.

Vanquished Creatures (others)
  An orc warrior (Orc:1)
  A wolf (Lair:3)
  A gnoll (D:11)
  3 orcs
  5 kobolds
  7 fungi
  64 plants
  10 toadstools (Lair:3)
92 creatures vanquished.

Grand Total: 686 creatures vanquished

Notes
Turn   | Place    | Note
-------+----------+-------------------------------------------
     0 | D:1      | crispyCORNDOG the Minotaur Berserker began the quest for
                  | the Orb.
     0 | D:1      | Reached XP level 1. HP: 19/19 MP: 0/0
   191 | D:1      | Reached XP level 2. HP: 27/27 MP: 1/1
  1430 | D:2      | Reached skill level 4 in Polearms
  1527 | D:2      | Found a bloodstained altar of Trog.
  1660 | D:2      | Reached XP level 3. HP: 32/33 MP: 2/2
  2448 | D:2      | Reached ** piety under Trog
  2801 | D:3      | Reached XP level 4. HP: 29/40 MP: 3/3
  3137 | D:3      | Found an opulent altar of Gozag.
  3141 | D:3      | Found a hide-covered altar of Uskayaw.
  3145 | D:3      | Found a burning altar of Makhleb.
  3183 | D:3      | Found a glowing drain.
  3192 | Sewer    | Entered a sewer
  3399 | Sewer    | Noticed a kobold brigand
  3409 | Sewer    | Killed a kobold brigand
  3410 | Sewer    | Reached XP level 5. HP: 32/47 MP: 4/4
  3558 | Sewer    | Reached skill level 5 in Fighting
  3558 | Sewer    | Reached skill level 5 in Polearms
  3558 | Sewer    | Reached XP level 6. HP: 15/56 MP: 5/5
  4279 | Sewer    | Reached skill level 15 in Polearms
  4279 | Sewer    | Reached XP level 7. HP: 61/61 MP: 6/6
  4693 | D:3      | Found a faded altar of an unknown god.
  4928 | D:4      | Reached *** piety under Trog
  5453 | D:4      | Found Cailixer's Neck Hole.
  5495 | D:4      | Reached skill level 5 in Armour
  5495 | D:4      | Reached XP level 8. HP: 61/69 MP: 7/7
  5558 | D:4      | Found a snail-covered altar of Cheibriados.
  5654 | D:4      | Found a staircase to the Ecumenical Temple.
  6043 | D:5      | Entered Level 5 of the Dungeon
  6054 | D:5      | Noticed Menkaure
  6064 | D:5      | Noticed a hornet
  6075 | D:4      | Paralysed by a hornet for 3 turns
  6080 | D:4      | Killed a hornet
  6085 | D:4      | HP: 3/70 [poisoned by a hornet]
  6536 | D:5      | Noticed Dowan
  6538 | D:5      | Noticed Duvessa
  6549 | D:5      | Killed Dowan
  6563 | D:5      | Killed Duvessa
  6645 | D:5      | Killed Menkaure
  6649 | D:5      | Reached skill level 5 in Dodging
  7009 | D:5      | Reached XP level 9. HP: 69/75 MP: 8/8
  7163 | D:5      | Noticed Sigmund
  7171 | D:5      | Killed Sigmund
  7455 | D:6      | Found a sand-covered staircase.
  7472 | Ossuary  | Entered an ossuary
  7483 | Ossuary  | Reached **** piety under Trog
  7865 | D:6      | Found a sparkling altar of Nemelex Xobeh.
  7908 | D:6      | Found a shimmering altar of Xom.
  7908 | D:6      | Found a sacrificial altar of Ru.
  8281 | D:6      | Found a hazy altar of Hepliaklqana.
  8438 | D:6      | Gained mutation: You are occasionally teleported next to
                  | monsters. [potion of mutation]
  8438 | D:6      | Gained mutation: You are partially covered in iridescent
                  | scales. (AC +2) [potion of mutation]
  8438 | D:6      | Gained mutation: You have a somewhat thin skeletal
                  | structure. (Dex +2, Stealth+) [potion of mutation]
  9042 | D:7      | Reached skill level 16 in Polearms
  9265 | D:7      | Reached XP level 10. HP: 79/86 MP: 9/9
  9307 | D:7      | Reached ***** piety under Trog
  9858 | D:7      | Found a blossoming altar of Fedhas.
  9859 | D:7      | Found an ornate altar of the Wu Jian Council.
 10325 | D:7      | Found a radiant altar of Vehumet.
 10469 | D:8      | Noticed a two-headed ogre
 10471 | D:8      | Killed a two-headed ogre
 10861 | D:8      | Noticed hbarley's ghost (novice HOFi)
 10862 | D:8      | Found a transporter.
 10862 | D:8      | Noticed a manticore
 10908 | D:8      | Found a transporter.
 10939 | D:8      | Found a glowing golden altar of the Shining One.
 10939 | D:8      | Found a white marble altar of Elyvilon.
 10939 | D:8      | Found a glowing silver altar of Zin.
 11469 | D:9      | Found a staircase to the Lair.
 11508 | D:9      | HP: 3/90 [efreet/+4 scimitar of flaming (15)]
 11508 | D:9      | HP: 1/90 [efreet/+4 scimitar of flaming (2)]
 11516 | D:9      | Reached XP level 11. HP: 6/95 MP: 10/10
 11563 | D:9      | Found a flagged portal.
 11579 | Bailey   | Entered a bailey
 11927 | Bailey   | Found a bloodstained altar of Trog.
 11944 | Bailey   | Identified the ring "Jonataz" {rPois AC+4}
 12045 | D:9      | Found a shimmering blue altar of Sif Muna.
 12132 | D:9      | Received a gift from Trog
 12659 | D:9      | Reached skill level 17 in Polearms
 12661 | D:9      | Identified the +1 robe "Cokhargh" {Harm Str+4 SInv
                  | Archmagi}
 12959 | D:10     | Entered Level 10 of the Dungeon
 12968 | D:10     | Found Monyuv's Assorted Antiques.
 13186 | D:10     | Noticed Erolcha
 13199 | D:10     | Killed Erolcha
 13229 | D:10     | Found a staircase to the Orcish Mines.
 13607 | D:10     | Found an iron altar of Okawaru.
 13858 | Lair:1   | Entered Level 1 of the Lair of Beasts
 13875 | Lair:1   | Reached skill level 10 in Fighting
 13904 | Lair:1   | Reached skill level 10 in Armour
 13934 | Lair:1   | Reached XP level 12. HP: 62/107 MP: 11/11
 13975 | Lair:1   | Noticed a catoblepas
 14267 | Lair:1   | Killed a catoblepas
 14378 | Lair:1   | Found a frozen archway.
 14412 | IceCv    | Entered an ice cave
 14417 | IceCv    | Received a gift from Trog
 14518 | IceCv    | Reached skill level 10 in Dodging
 14547 | IceCv    | Noticed an ice dragon
 14572 | IceCv    | Killed an ice dragon
 14849 | Lair:1   | Reached skill level 18 in Polearms
 15423 | Lair:2   | Noticed a four-headed hydra
 15432 | Lair:2   | Killed a four-headed hydra
 15841 | Lair:2   | Noticed a death yak
 15842 | Lair:2   | Noticed a five-headed hydra
 15843 | Lair:2   | Noticed a death yak
 15843 | Lair:2   | Noticed a death yak
 15844 | Lair:2   | Noticed a death yak
 15853 | Lair:2   | Noticed a death yak
 15875 | Lair:2   | Killed a five-headed hydra
 15880 | Lair:2   | Killed a death yak
 15881 | Lair:2   | Killed a death yak
 16003 | Lair:2   | Killed a death yak
 16004 | Lair:2   | Reached XP level 13. HP: 96/118 MP: 12/12
 16145 | Lair:2   | Found a staircase to the Snake Pit.
 16436 | Lair:2   | Found a staircase to the Swamp.
 17777 | Lair:3   | Found a runed translucent door.
 18642 | D:11     | Reached skill level 19 in Polearms
 19428 | D:12     | Found a runed translucent door.
 19456 | D:12     | Found a runed translucent door.
 19456 | D:12     | Noticed a tengu reaver
 19457 | D:12     | Noticed a lich
 19458 | D:12     | Noticed sigtrap's ghost (journeyman SpHu)
 19548 | D:12     | Reached XP level 14. HP: 51/129 MP: 13/13
 21086 | Orc:1    | Entered Level 1 of the Orcish Mines
 21098 | Orc:1    | Received a gift from Trog
 21295 | Orc:1    | Found Keagev's Magic Scroll Emporium.
 21328 | Orc:1    | Found Peri Nurcha's Distillery.
 21378 | Orc:1    | Bought a scroll of enchant weapon for 127 gold pieces
 21804 | Orc:2    | Entered Level 2 of the Orcish Mines
 21814 | Orc:2    | Found a staircase to the Elven Halls.
 21980 | Orc:2    | Found Soamudi's CLEARANCE SALE!.
 21987 | Orc:2    | Bought a throwing net for 15 gold pieces
 21987 | Orc:2    | Bought a scroll of identify for 10 gold pieces
 22033 | Orc:2    | Paralysed by something for 5 turns
 22036 | Orc:2    | Killed from afar by an ogre mage

Illustrated notes

Levels and vault maps discovered:
D:1:      minmay_arrival_up_and_down, layout_basic
D:2:      layout_basic, basic_altar, amcnicky_mini_pool_small
D:3:      layout_loops_corners, gammafunk_temple_overflow_forgotten,
          hellmonk_ecumenical_altar_leap_of_faith, portal_sewer_entry_e,
          grunt_decor_one_mirror, grunt_ministairs_13
D:4:      layout_cave_pools, slow_altar_1, minmay_temple_entry_slanted,
          amcnicky_mini_rare_corridor_liquid, nicolae_shop_sticking_my_neck_out
D:5:      layout_cave_pools, uniq_menkaure, uniq_sigmund, uniq_duvessa
D:6:      layout_loops_ring, grunt_temple_overflow_open,
          chequers_ossuary_entry_cave, hangedman_abyss_or_decor_passed,
          minivault_10, minivault_1
D:7:      layout_layer_cave, fiery_altar_vehumet, nicolae_overflow_squiral,
          minmay_diced_spiral
D:8:      layout_cave_pods, good_gods_mini_temple, gammafunk_ghost_arena
D:9:      layout_loops_corners, kennysheep_orc_sif_temple,
          minmay_lair_entry_grove, enter_bailey_2
D:10:     layout_long_grid, mainiacjoe_overflow_paths, david_orc_5,
          serial_shops, shop, uniq_erolcha
D:11:     nzn_winding_woodlands_small [nzn_winding_woodlands_5x15_parted,
          nzn_winding_woodlands_center_pierced_h,
          nzn_winding_woodlands_5x15_concentric], layout_loops_cross
D:12:     minmay_distorted_concentric_squares, layout_layer_cave,
          muffindrake_ghost_dual_entry
Lair:1:   layout_small_grid, portal_ice_cave_demonic_guard, wad_woods_river_01
Lair:2:   layout_roguey, minmay_swamp_entry_worms, guppyfry_snake_entry_garden
Lair:3:   gammafunk_lair_enchanted_lake, layout_cave_shapes
Orc:1:    layout_caves, serial_shops, shop, shop
Orc:2:    st_orc_ogre_mass, layout_caves, special_room, nicolae_shop_clearance

Skill      XL: |  1  2  3  4  5  6  7  8  9 10 11 12 13 14 |
---------------+-------------------------------------------+-----
Fighting       | 4 5 6 7 8 10 12 13 14 | 14.0
Polearms       | 4 5 15 16 17 18 19 | 19.6
Armour         | 3 4 5 7 8 10 11 13 | 13.9
Dodging        | 3 4 5 6 7 9 10 12 | 12.8

Action                   |  1- 3 |  4- 6 |  7- 9 | 10-12 | 13-15 || total
-------------------------+-------+-------+-------+-------+-------++-------
Melee: Spear             |    42 |       |   295 |   269 |   586 ||  1192
       Headbutt          |    14 |    18 |    57 |   184 |   156 ||   429
       Battleaxe         |    50 |    96 |    35 |       |       ||   181
       Punch             |       |       |     1 |       |       ||     1
       Halberd           |       |       |       |   192 |       ||   192
       Trident           |       |       |       |   326 |       ||   326
       Glaive            |       |       |       |       |     7 ||     7
Throw: Dart              |       |     4 |    15 |    27 |    42 ||    88
       Stone             |       |       |       |     1 |       ||     1
       Throwing net      |       |       |       |     2 |       ||     2
       Boomerang         |       |       |       |     2 |       ||     2
Invok: Berserk           |       |       |     1 |     3 |     4 ||     8
       Trog's Hand       |       |       |       |     4 |     3 ||     7
       Brothers in Arms  |       |       |       |     3 |     4 ||     7
Evoke: Wand              |       |       |       |    12 |    17 ||    29
  Use: Scroll            |     8 |     2 |    13 |     3 |     6 ||    32
       Potion            |     3 |     3 |    12 |     9 |     3 ||    30
 Stab: Distracted        |       |       |       |       |     1 ||     1
Armor: Animal skin       |    10 |       |       |       |       ||    10
       Ring mail         |    26 |    42 |     8 |       |       ||    76
       Chain mail        |       |       |   150 |   100 |       ||   250
       Plate armour      |       |       |       |   420 |   423 ||   843
       Skin              |       |       |       |    92 |       ||    92
Dodge: Dodged            |    62 |    72 |   157 |   352 |   195 ||   838
Block: Kite shield       |       |       |       |   109 |   160 ||   269
